 Dungeon Crawl Stone Soup version 0.30-a0-458-g86641cc369 (webtiles) character file.

Game seed: 15973433134555504449

450081 KennySheep the Cryomancer (level 24, -9/310 HPs)
             Began as an Ogre Conjurer on Dec 11, 2022.
             Was a High Priest of Sif Muna.
             Mangled by an elephant (17 damage)
             ... summoned by a spriggan berserker
             ... on level 2 of the Depths on Dec 15, 2022.
             The game lasted 04:47:03 (85463 turns).

KennySheep the Cryomancer (Ogre Conjurer)          Turns: 85463, Time: 04:47:04

Health: -9/310     AC: 15    Str: 21    XL:     24   Next: 56%
Magic:  0/57       EV: 12    Int: 44    God:    Sif Muna [*****.]
Gold:   4625       SH:  0    Dex: 13    Spells: 10/66 levels left

rFire   + . .      SeeInvis +    b - +7 great mace "Firestarter" {inner flame, rF++}
rCold   + . .      Faith    .    (shield currently unavailable)
rNeg    + + +      Spirit   +    (body armour currently unavailable)
rPois   ∞          Reflect  .    A - +1 hat "Ditow" {rElec Dex+3}
rElec   +          Harm     .    Y - +2 cloak {Will+}
rCorr   .          Rampage  .    (gloves unavailable)
Will    +++..                    (boots unavailable)
Stlth   ++........               R - amulet "Jepniwall" {Spirit rN++ Int+8 Dex+4}
HPRegen 0.71/turn                m - ring "Caschil" {rElec rN+ Str+2 Int+3}
MPRegen 0.35/turn                h - ring "Qogiril" {Ice MP+9 Str-5 Int+9 SInv}

@: about to teleport, statue-form, marked, corroded, studying 2 skills, very
slow
A: slow and powerful, torment resistance 1, boosted hp, large, unfitting armour,
(tough skin 1), hooves 1, horns 1, strong 1
}: 1/15 runes: decaying
a: End Transformation, Renounce Religion, Channel Magic, Forget Spell, Divine
Exegesis


You were on level 2 of the Depths.
You worshipped Sif Muna.
Sif Muna was extremely pleased with you.
You were a living statue of rough stone.
You visited 11 branches of the dungeon, and saw 44 of its levels.
You visited the Abyss 1 time.
You visited 1 bazaar.
You also visited: Gauntlet and Wizlab.

You collected 6732 gold pieces.
You spent 2107 gold pieces at shops.

Inventory:

Hand Weapons
 b - the +7 great mace "Firestarter" (weapon) {inner flame, rF++}
   (You took it off a deep elf sorcerer on level 3 of the Elven Halls)

   It burns those it strikes, dealing additional fire damage.
   It fills those it strikes with an explosive inner flame.
   It grants immunity to clouds of flame.
   rF:        It greatly protects you from fire.
 H - a +8 giant spiked club of electrocution
Missiles
 s - 2 throwing nets
Armour
 A - the +1 hat "Ditow" (worn) {rElec Dex+3}
   (You acquired it on level 2 of the Orcish Mines)

   Dex:       It affects your dexterity (+3).
   rElec:     It insulates you from electricity.
 J - +7 swamp dragon scales (melded)
 Y - a +2 cloak of willpower (worn)
Magical Staves
 a - a staff of cold
Jewellery
 h - the ring "Qogiril" (right fist) {Ice MP+9 Str-5 Int+9 SInv}
   (You took it off Josephina on level 2 of the Crypt)

   [ring of ice]

   It enhances your ice magic.
   Str:       It affects your strength (-5).
   Int:       It affects your intelligence (+9).
   rF:        It makes you vulnerable to fire.
   rC:        It protects you from cold.
   MP:        It affects your magic capacity (+9).
   SInv:      It lets you see invisible.
 m - the ring "Caschil" (left fist) {rElec rN+ Str+2 Int+3}
   (You took it off a deep elf sorcerer on level 2 of the Depths)

   [ring of positive energy]

   Str:       It affects your strength (+2).
   Int:       It affects your intelligence (+3).
   rElec:     It insulates you from electricity.
   rN:        It protects you from negative energy.
 R - the amulet "Jepniwall" (around neck) {Spirit rN++ Int+8 Dex+4}
   (You took it off a deep elf blademaster on level 3 of the Elven Halls)

   [amulet of guardian spirit]

   It causes incoming damage to be divided between your reserves of health and
   magic.
   Int:       It affects your intelligence (+8).
   Dex:       It affects your dexterity (+4).
   rN:        It greatly protects you from negative energy.
Wands
 e - a wand of paralysis (42)
 u - a wand of flame (97)
 v - a wand of polymorph (23)
 B - a wand of mindburst (57)
 F - a wand of iceblast (77)
 I - a wand of digging (34)
 U - a wand of acid (22)
Scrolls
 d - 18 scrolls of teleportation
 f - 7 scrolls of fear
 i - 4 scrolls of silence
 j - 4 scrolls of summoning
 q - a scroll of brand weapon
 r - 2 scrolls of magic mapping
 w - 5 scrolls of fog
 D - 5 scrolls of enchant armour
 E - 8 scrolls of poison
 P - 7 scrolls of immolation
 S - 24 scrolls of identify
 X - a scroll of amnesia
Potions
 c - a potion of heal wounds
 g - 10 potions of berserk rage
 k - 2 potions of cancellation
 n - 14 potions of curing
 p - 11 potions of flight
 z - 5 potions of resistance
 G - 3 potions of brilliance
 K - 8 potions of mutation
 L - 6 potions of ambrosia
 M - 6 potions of might
 Q - 8 potions of haste
Miscellaneous
 l - a box of beasts
 N - a phial of floods
 O - a phantom mirror


   Skills:
 - Level 13.9 Fighting
 + Level 15.5 Maces & Flails
 - Level 3.0 Armour
 + Level 7.1 Dodging
 - Level 2.4 Stealth
 + Level 21.8 Spellcasting
 - Level 8.1 Conjurations
 - Level 3.1 Necromancy
 - Level 5.6 Translocations
 - Level 9.0 Transmutations
 * Level 23.5 Ice Magic
 - Level 3.0 Air Magic
 - Level 9.0 Earth Magic
 + Level 12.5 Invocations
 - Level 2.5 Evocations


You had 10 spell levels left.
You knew the following spells:

 Your Spells              Type           Power      Damage    Failure   Level
a - Frozen Ramparts       Ice            100%       1d16      0%          3
b - Irradiate             Conj/Tmut      44%        3d26      1%          5
c - Iskenderun's Mystic   Conj/Tloc      83%        2d16      1%          4
d - Blink                 Tloc           100%       N/A       1%          2
e - Polar Vortex          Ice            77%        N/A       2%          9
f - Ozocubu's Refrigerat  Ice            77%        4d24      1%          7
g - Passage of Golubria   Tloc           77%        N/A       1%          4
i - Metabolic Englaciati  Hex/Ice        61%        N/A       1%          5
j - Freezing Cloud        Conj/Ice/Air   61%        6-21      1%          5
k - Simulacrum            Ice/Necr       64%        N/A       1%          6
z - Statue Form           Tmut/Erth      60%        N/A       1%          6

Your spell library contained the following spells:

 Spells                   Type           Power      Damage    Failure   Level
 Beastly Appendage        Tmut           100%       N/A       0%          1
 Freeze                   Ice            100%       1d10      0%          1
 Magic Dart               Conj           100%       1d8       0%          1
 Sandblast                Erth           100%       2d20      0%          1
 Ensorcelled Hibernation  Hex/Ice        100%       N/A       0%          2
 Passwall                 Tmut/Erth      75%        N/A       0%          2
 Wereblood                Tmut           91%        N/A       0%          2
 Hailstorm                Conj/Ice       100%       3d20      0%          3
 Ozocubu's Armour         Ice            100%       N/A       0%          3
 Ice Form                 Ice/Tmut       100%       N/A       0%          4
 Apportation              Tloc           100%       N/A       1%          1
 Foxfire                  Conj/Fire      100%       2x1d9     1%          1
 Kiss of Death            Conj/Necr      100%       2d13      1%          1
 Necrotise                Necr           100%       1d9       1%          1
 Shock                    Conj/Air       100%       1d9       1%          1
 Slow                     Hex            100%       N/A       1%          1
 Sting                    Tmut/Pois      100%       1d8       1%          1
 Summon Small Mammal      Summ           100%       N/A       1%          1
 Call Imp                 Summ           48%        N/A       1%          2
 Cigotuvi's Dreadful Rot  Necr/Pois/Air  100%       N/A       1%          2
 Momentum Strike          Conj/Tloc      100%       3d10      1%          2
 Poisonous Vapours        Pois/Air       100%       N/A       1%          2
 Scorch                   Fire           96%        2d9       1%          2
 Searing Ray              Conj           100%       2d8       1%          2
 Static Discharge         Conj/Air       100%       2-7/arc   1%          2
 Sublimation of Blood     Necr           66%        N/A       1%          2
 Call Canine Familiar     Summ           48%        N/A       1%          3
 Confusing Touch          Hex            48%        N/A       1%          3
 Dazzling Flash           Conj/Hex       100%       N/A       1%          3
 Gell's Gravitas          Tloc           77%        N/A       1%          3
 Ignite Poison            Fire/Tmut/Pois 65%        N/A       1%          3
 Inner Flame              Hex/Fire       48%        N/A       1%          3
 Kindle Blastsparks       Fire/Tloc/Air  100%       2d18      1%          3
 Lesser Beckoning         Tloc           100%       N/A       1%          3
 Mephitic Cloud           Conj/Pois/Air  69%        N/A       1%          3
 Portal Projectile        Hex/Tloc       100%       N/A       1%          3
 Spider Form              Tmut/Pois      73%        N/A       1%          3
 Stone Arrow              Conj/Erth      100%       3d13      1%          3
 Summon Guardian Golem    Hex/Summ       48%        N/A       1%          3
 Swiftness                Air            65%        N/A       1%          3
 Teleport Other           Tloc           77%        N/A       1%          3
 Tukima's Dance           Hex            48%        N/A       1%          3
 Vampiric Draining        Necr           66%        2d10      1%          3
 Vhi's Electric Charge    Tloc/Air       100%       N/A       1%          3
 Airstrike                Air            32%        2d(5-21)  1%          4
 Anguish                  Hex/Necr       29%        N/A       1%          4
 Animate Armour           Summ/Erth      100%       N/A       1%          4
 Animate Dead             Necr           66%        N/A       1%          4
 Dispel Undead            Necr           66%        3d23      1%          4
 Flame Wave               Conj/Fire      71%        2d16      1%          4
 Fulminant Prism          Conj/Hex       35%        3d18      1%          4
 Leda's Liquefaction      Hex/Erth       36%        N/A       1%          4
 Manifold Assault         Tloc           77%        N/A       1%          4
 Petrify                  Tmut/Erth      91%        N/A       1%          4
 Sticky Flame             Conj/Fire      71%        2d8       1%          4
 Summon Ice Beast         Ice/Summ       100%       N/A       1%          4
 Alistair's Intoxication  Tmut/Pois      48%        N/A       1%          5
 Arcjolt                  Conj/Air       38%        1d48      1%          5
 Blade Hands              Tmut           45%        N/A       1%          5
 Borgnjor's Vile Clutch   Necr/Erth      40%        N/A       1%          5
 Fireball                 Conj/Fire      35%        3d15      1%          5
 Iskenderun's Battlesphe  Conj           88%        2d14      1%          5
 Lee's Rapid Deconstruct  Erth           45%        3d22*     1%          5
 Lightning Bolt           Conj/Air       38%        1d57      1%          5
 Yara's Violent Unravell  Hex/Tmut       36%        3d15      1%          5
 Iron Shot                Conj/Erth      44%        9d9       1%          6
 Summon Lightning Spire   Summ/Air       57%        N/A       2%          4
 Agony                    Necr           66%        N/A       3%          5
 Summon Forest            Summ/Tloc      32%        N/A       3%          5
 Cause Fear               Hex            24%        N/A       4%          4
 Olgreb's Toxic Radiance  Pois           48%        N/A       4%          4
 Silence                  Hex/Air        28%        N/A       6%          5
 Conjure Ball Lightning   Conj/Air       38%        3x3d13    6%          6
 Dispersal                Tloc           38%        N/A       6%          6
 Dragon Form              Tmut           45%        N/A       9%          7
 Eringya's Noxious Bog    Tmut/Pois      36%        N/A       10%         6
 Starburst                Conj/Fire      35%        6d10      12%         6
 Orb of Destruction       Conj           44%        9d12      12%         7
 Death Channel            Necr           33%        N/A       17%         6
 Storm Form               Tmut/Air       39%        N/A       28%         7
 Summon Cactus Giant      Summ           24%        N/A       52%         6
 Spellforged Servitor     Conj/Summ      35%        N/A       54%         7
 Lehudib's Crystal Spear  Conj/Erth      44%        10d11     61%         8
 Malign Gateway           Summ/Tloc      32%        N/A       71%         7
 Haunt                    Necr/Summ      29%        N/A       87%         7
 Necromutation            Tmut/Necr      40%        N/A       91%         8
 Disjunction              Tloc           38%        N/A       95%         8
 Enfeeble                 Hex            24%        N/A       98%         7
 Summon Hydra             Summ           24%        N/A       98%         7
 Borgnjor's Revivificati  Necr           33%        N/A       100%        8
 Discord                  Hex            24%        N/A       100%        8
 Ignition                 Fire           24%        3d8       100%        8
 Infestation              Necr           33%        N/A       100%        8
 Maxwell's Capacitive Co  Air            32%        ∞         100%        8
 Summon Horrible Things   Summ           24%        N/A       100%        8
 Chain Lightning          Conj/Air       38%        3d51      100%        9
 Dragon's Call            Summ           24%        N/A       100%        9
 Fire Storm               Conj/Fire      35%        8d9       100%        9
 Shatter                  Erth           45%        3d35*     100%        9


Dungeon Overview and Level Annotations

Branches:
Dungeon (15/15)            Temple (1/1) D:7            Lair (5/5) D:10
  Swamp (4/4) Lair:2       Spider (4/4) Lair:3        Slime (0/5) Lair:4
    Orc (2/2) D:12            Elf (3/3) Orc:2        Vaults (4/5) D:13
  Crypt (3/3) Vaults:3       Tomb (1/3) Crypt:3      Depths (2/4) D:15
 WizLab (visited)         Gauntlet (visited)

Altars:
Ashenzari
Cheibriados
Dithmenos
Elyvilon
Fedhas
Gozag
Hepliaklqana
Kikubaaqudgha
Makhleb
Nemelex Xobeh
Okawaru
Qazlal
Ru
Sif Muna
Trog
Uskayaw
Vehumet
Wu Jian
Xom
Yredelemnul
Zin
The Shining One
Jiyva

Shops:
D:1 ([(:   D:4 [   D:6 *   D:9 *   Orc:2 ?(*:   Elf:2 **   Elf:3 (   Vaults:3 [

Portals:
Hell: Depths:1
Pandemonium: Orc:2

Annotations:
D:14 3 runed translucent doors, Eweu's ghost, adept DjFE; Roxanne
Swamp:1 2 transporters, exclusion: orange crystal statue
Spider:4 exclusion: 3 doors
Elf:2 6 runed translucent doors, exclusion: obsidian statue, Veekh's ghost, adept DjHW


Innate Abilities, Weirdness & Mutations

You are a living statue of rough stone.
Your actions are slow, but your melee attacks are powerful.
You are resistant to unholy torment.
Your maximum health is greatly increased.
You are immune to poison.
Your equipment is partially melded.
You are too large for most types of armour.
((You have tough skin. (AC +1)))
You have large cloven feet.
You have a pair of small horns on your head.
Your muscles are strong. (Str +4, Int/Dex -1)


Message History

You feel strangely unstable. The jiangshi claws you!
* * * LOW HITPOINT WARNING * * *
The jiangshi claws you but does no damage.
The elephant tramples you but does no damage.
The elephant closely misses you. The jiangshi barely misses you.
The jiangshi closely misses you.
The spriggan berserker utters an invocation to Trog.
The spriggan berserker goes berserk!
The elephant tramples you.
* * * LOW HITPOINT WARNING * * *
You hold your ground!
The elephant trunk-slaps you but does no damage.
The jiangshi claws you!
* * * LOW HITPOINT WARNING * * *
The jiangshi barely misses you.
The spriggan berserker hits you with a +1 antimagic broad axe!!
* * * LOW HITPOINT WARNING * * *
You feel your power leaking away.
Okay, then.
You feel much better. The jiangshi claws you!
* * * LOW HITPOINT WARNING * * *
The jiangshi claws you.
* * * LOW HITPOINT WARNING * * *
The elephant barely misses you.
The elephant trunk-slaps you but does no damage.
The spriggan berserker hits you with a +1 antimagic broad axe!
* * * LOW HITPOINT WARNING * * *
The jiangshi barely misses you. The jiangshi closely misses you.
The elephant tramples you.
* * * LOW HITPOINT WARNING * * *
You hold your ground!
The elephant trunk-slaps you but does no damage.
The spriggan berserker hits you with a +1 antimagic broad axe!
* * * LOW HITPOINT WARNING * * *
A sphinx comes into view.
The jiangshi closely misses you. The jiangshi claws you!
* * * LOW HITPOINT WARNING * * *
Okay, then.
Okay, then.
The elephant attacks as you move away! The elephant tramples you!
You die...

...#.#...#.#..... ....#....
#Q....# ... ....#.... .....#
... ... #..... ....# ...# ..
..#...#. ......#......#..
###...### ..###..D#...# .#.
>### .##.H...#....##..#..
......##V..##....#..
##.8i†..#.....#
####...Y##.......#
####.......##......#
.........##.)†.†...#
#.......#.##.††.)..#...
#.......#...†......#
#.....##[##.)....##.#
..#...#.......#..##..##..#..
^#....#....##.#....##....#
..


You could see a sphinx, an elephant (summoned, berserk), a jiangshi and a
spriggan berserker (berserk, regenerating, strong-willed).

Vanquished Creatures
  An ancient lich (Crypt:3)
  A juggernaut (Depths:2)
  Sojobo (Crypt:1)
  Josephina (Crypt:2)
  Bai Suzhen (Crypt:2)
  Saint Roka (Elf:3)
  A curse toe (Crypt:3)
  Xtahua (Crypt:1)
  Nikola (Spider:3)
  Arachne (Spider:2)
  3 bone dragons (Abyss:2)
  Rupert (D:14)
  Zenata (Vaults:1)
  Jorgrun (Spider:1)
  2 tentacled monstrosities (Depths:2)
  2 liches (Crypt:3)
  2 deep elf blademasters (Elf:3)
  3 deep elf master archers (Elf:3)
  8 ancient champions
  3 tentacled starspawn (Abyss:2)
  A thorn hunter (Swamp:2)
  Donald (Vaults:1)
  2 sphinxes
  2 revenants
  3 tengu reavers
  A fenstrider witch (Swamp:2)
  5 frost giants
  3 nagarajas (WizLab)
  10 emperor scorpions
  2 fire giants
  Aizul (Elf:3)
  6 vault wardens
  6 ghost moths
  A balrug (Abyss:2)
  9 deep elf sorcerers
  21 ironbound preservers
  An orc warlord (Vaults:1)
  2 ghouls
  A curse skull (Crypt:3)
  5 deep elf elementalists (Elf:3)
  3 demonspawn corrupters (WizLab)
  A broodmother (Spider:3)
  7 stone giants
  A draconian annihilator (Depths:2)
  11 very ugly things
  A spriggan defender (Depths:1)
  2 war gargoyles (Vaults:4)
  4 caustic shrike skeletons (Crypt:3)
  3 ironbound thunderhulks
  5 deep elf demonologists
  6 eleionomae
  5 vampire knights
  9 dire elephants
  Nessos (D:15)
  A minotaur (Gauntlet)
  3 bunyips
  7 deep elf annihilators
  4 spark wasps
  7 deep elf death magi
  4 ettins
  A crystal guardian (Vaults:4)
  8 eidola
  7 yaktaur captains
  6 deep elf high priests (Elf:3)
  4 jiangshi
  2 shambling mangroves
  11 great orbs of eyes
  A quicksilver dragon zombie (Crypt:1)
  11 entropy weavers
  2 fire dragons
  3 rakshasas
  An ice dragon (Depths:2)
  10 vault guards
  11 hydras
  A peacekeeper (Vaults:4)
  2 ghost crabs
  2 death knights
  A fenstrider witch skeleton (Crypt:3)
  2 spriggan air magi (Depths:2)
  4 jorogumos
  4 radroaches
  10 boulder beetles
  11 ironbound frosthearts
  A spriggan skeleton (Crypt:3)
  An ogre mage (D:15)
  A catoblepas (Lair:1)
  2 demonspawn (Orc:2)
  5 deep troll earth magi
  15 alligators
  5 centaur warriors
  5 tengu warriors
  5 death yaks
  8 two-headed ogres
  3 deep troll shamans
  7 orc high priests
  2 spriggan berserkers
  4 hell hogs (Abyss:2)
  21 dancing weapons
  4 deep elf knights
  8 vampire magi
  A quicksilver ooze zombie (Crypt:2)
  2 soul eaters
  6 spriggans
  2 hell knights
  5 iron trolls (Depths:1)
  A sixfirhy (Abyss:2)
  A sun demon (Orc:2)
  2 fire crabs (Gauntlet)
  9 pharaoh ants
  41 skeletal warriors
  2 death drakes (Swamp:3)
  4 goliath frogs
  2 shadow wraiths
  Lodul (D:13)
  69 deep trolls
  3 titan skeletons (Crypt:3)
  3 steelbarb worms
  6 wretched stars (Abyss:2)
  2 storm dragon skeletons (Crypt:3)
  2 golden dragon skeletons (Crypt:3)
  9 orb spiders
  7 bog bodies
  10 lindwurms
  A flayed ghost (Depths:2)
  5 glowing orange brains
  5 spriggan druids
  2 swamp dragons (Swamp:4)
  2 spectral hydras (Swamp:4)
  2 anaconda skeletons (Crypt:3)
  8 harpies
  7 deep elf archers
  5 starcursed masses (Abyss:2)
  19 wizards
  A spriggan simulacrum (Crypt:2)
  2 tengu zombies
  8 necromancers
  9 orc knights
  10 phantasmal warriors
  23 ironbound convokers
  2 tengu skeletons (Vaults:3)
  13 wolf spiders
  23 deep elf zephyrmancers
  24 deep elf pyromancers
  2 shadow dragon skeletons (Crypt:3)
  2 oklob plants
  10 orc sorcerers
  7 cyclopes
  3 worldbinders (WizLab)
  31 ugly things
  4 will-o-the-wisps
  A goliath frog skeleton (Crypt:3)
  An elephant (shapeshifter) (Depths:2)
  4 moths of wrath
  A frost giant skeleton (Vaults:2)
  2 guardian serpents
  7 manticores
  A human zombie (Vaults:2)
  A dire elephant zombie (Abyss:2)
  2 water nymphs (shapeshifter) (Depths:2)
  10 black mambas
  A stone giant skeleton (Vaults:3)
  A dire elephant skeleton (Crypt:3)
  An apocalypse crab (Abyss:2)
  20 vault sentinels
  2 water nymphs (WizLab)
  12 torpor snails
  An orange demon (Abyss:2)
  3 smoke demons (Abyss:2)
  A rust devil (Orc:2)
  A gargoyle (D:13)
  Maggie (D:8)
  15 cane toads
  3 efreet
  2 centaur skeletons (Crypt:3)
  2 pale draconian zombies
  10 komodo dragons
  An elf skeleton (Vaults:2)
  5 swamp worm zombies (Swamp:4)
  10 demonic crawlers
  An alligator snapping turtle skeleton (Crypt:1)
  3 rime drakes
  A hellion (Abyss:2)
  15 yaktaurs
  5 ancient zymes (Abyss:2)
  4 freezing wraiths
  3 yaktaur skeletons
  4 human skeletons
  A bunyip simulacrum (Crypt:2)
  4 hydra zombies (Swamp:4)
  5 tengu conjurers
  A black draconian skeleton (Crypt:2)
  3 meliai
  A queen bee (shapeshifter) (WizLab)
  5 trolls
  A shadow dragon simulacrum (Crypt:2)
  A polar bear (Lair:2)
  15 hornets
  3 bloated husks
  A tarantella (shapeshifter) (Vaults:4)
  19 tarantellas
  17 tyrant leeches
  A raiju (Abyss:2)
  2 harpy skeletons (Crypt:3)
  9 blink frogs (Lair:3)
  30 slime creatures
  An alligator zombie (Swamp:4)
  An ettin zombie (Vaults:2)
  Sigmund (D:4)
  4 spectral swamp dragons (Swamp:4)
  12 flying skulls (Crypt:1)
  A ynoxinul (Abyss:2)
  2 centaur simulacra (D:10)
  2 air elementals (Elf:1)
  3 shadows
  27 jumping spiders
  11 culicivoras
  A vampire (D:13)
  9 fire bats (Gauntlet)
  4 water elementals
  7 wraiths
  15 wyverns
  55 yaks
  5 basilisks
  A black mamba skeleton (Crypt:3)
  A fire elemental (Elf:2)
  5 neqoxecs (Abyss:2)
  40 redbacks
  3 steam dragons
  A wind drake skeleton (Crypt:3)
  2 chaos spawn (Abyss:2)
  15 swamp worms
  3 wargs
  Menkaure (D:6)
  12 vampire mosquitoes
  A hydra simulacrum (Crypt:2)
  6 large abominations (Abyss:2)
  23 water moccasins
  3 hell hounds (Gauntlet)
  A glowing shapeshifter skeleton (Vaults:3)
  A cane toad zombie (Crypt:3)
  31 orc warriors
  4 swamp drakes (Swamp:3)
  A naga skeleton (Crypt:3)
  2 ice beasts
  An elf simulacrum (Vaults:4)
  An ettin simulacrum (Crypt:2)
  A sky beast (D:6)
  2 swamp dragon zombies (Swamp:4)
  A black bear (shapeshifter) (Elf:1)
  A black bear (D:4)
  20 wolves
  17 ogres
  11 centaurs
  9 phantoms
  A kobold brigand (D:9)
  A salamander zombie (Crypt:3)
  14 bullfrogs
  3 gnoll sergeants
  4 earth elementals
  A naga simulacrum (Crypt:3)
  5 necrophages
  2 scorpions
  23 wights
  A water moccasin zombie (Crypt:2)
  A water moccasin skeleton (Crypt:1)
  3 killer bees (D:10)
  A yak skeleton (Crypt:2)
  A jelly (D:7)
  9 howler monkeys
  3 electric eels
  A quasit (Abyss:2)
  A lava snake (Lair:2)
  3 gnoll boudas
  10 hounds
  24 orc priests
  An iron imp (Abyss:2)
  2 iguanas
  A black bear skeleton (Crypt:3)
  A boggart zombie (Crypt:1)
  17 orc wizards
  A scorpion zombie (Crypt:3)
  19 hell rats
  5 small abominations (Abyss:2)
  A deep dwarf skeleton (Crypt:2)
  A hound skeleton (Crypt:3)
  A mummy (D:14)
  A howler monkey zombie (Crypt:2)
  32 gnolls
  2 swamp drake zombies (Swamp:4)
  3 adders
  12 river rats
  3 white imps
  A dart slug (D:2)
  64 orcs
  8 ball pythons
  5 bats
  5 endoplasms
  3 giant cockroaches
  A gnoll zombie (Crypt:1)
  10 goblins
  7 hobgoblins
  A jackal (D:3)
  3 quokkas
  5 frilled lizards
  11 kobolds
  A kobold skeleton (Crypt:3)
  A quokka skeleton (Crypt:2)
  10 rats
  8 briar patches (Swamp:2)
  2 bushes (Lair:3)
  A butterfly (Lair:1)
  A fire vortex (Lair:2)
  4 starspawn tentacles (Abyss:2)
1862 creatures vanquished.

Vanquished Creatures (collateral kills)
  A bone dragon (Swamp:4)
  The ghost of Belucowal the Severer, an adept DgFi (Elf:1)
  A swamp dragon zombie (Swamp:4)
3 creatures vanquished.

Vanquished Creatures (others)
  An orc high priest (Elf:2)
  A deep elf archer (Elf:2)
  An orc knight (D:13)
  A troll (shapeshifter) (D:13)
  2 bloated husks (Swamp:4)
  An ogre (Elf:2)
  3 orcs (Elf:2)
  A bush (Lair:5)
  14 foxfires
  83 fungi
  A lurking horror (Abyss:2)
  155 plants
  A starspawn tentacle (Abyss:2)
265 creatures vanquished.

Grand Total: 2130 creatures vanquished

Notes
Turn   | Place    | Note
-------+----------+-------------------------------------------
     0 | D:1      | KennySheep the Ogre Conjurer began the quest for the Orb.
     0 | D:1      | Reached XP level 1. HP: 16/16 MP: 3/3
   148 | D:1      | Reached XP level 2. HP: 24/24 MP: 1/5
   253 | D:1      | Found Nilisk's Book Shop.
   376 | D:1      | Found Jizioqet's Antique Weapon Shop.
   378 | D:1      | Found Dopt's Antique Weapon Boutique.
   398 | D:1      | Reached skill level 1 in Translocations
   539 | D:1      | Found Gorot's Armour Shop.
   855 | D:2      | Learned a level 2 spell: Searing Ray
   970 | D:2      | Reached XP level 3. HP: 27/31 MP: 1/7
  1666 | D:3      | Reached XP level 4. HP: 32/39 MP: 0/8
  1701 | D:3      | Learned a level 2 spell: Blink
  2384 | D:3      | Reached XP level 5. HP: 45/45 MP: 5/9
  2732 | D:4      | Noticed a black bear
  2742 | D:4      | Killed a black bear
  2743 | D:4      | Reached XP level 6. HP: 42/53 MP: 1/11
  2748 | D:4      | Learned a level 4 spell: Iskenderun's Mystic Blast
  2839 | D:4      | Found Oloedogg's Armour Emporium.
  3104 | D:4      | Reached skill level 5 in Conjurations
  3321 | D:4      | Noticed Sigmund
  3528 | D:4      | Reached XP level 7. HP: 59/59 MP: 3/13
  3821 | D:4      | Found a sparkling altar of Nemelex Xobeh.
  3920 | D:4      | Found an ornate altar of the Wu Jian Council.
  3975 | D:4      | Killed Sigmund
  4435 | D:5      | Entered Level 5 of the Dungeon
  4667 | D:5      | Reached XP level 8. HP: 64/67 MP: 9/15
  4672 | D:5      | Reached skill level 1 in Ice Magic
  4958 | D:5      | Reached skill level 5 in Spellcasting
  5354 | D:6      | Reached skill level 2 in Ice Magic
  5618 | D:6      | Found Jiotizy's Assorted Antiques.
  5737 | D:6      | Noticed Menkaure
  5915 | D:6      | Found a glowing golden altar of the Shining One.
  6017 | D:6      | Killed Menkaure
  6018 | D:6      | Reached skill level 3 in Ice Magic
  6513 | D:6      | Reached skill level 4 in Ice Magic
  6513 | D:6      | Reached XP level 9. HP: 65/74 MP: 0/18
  7230 | D:1      | Bought a book of Frost for 240 gold pieces
  7234 | D:1      | Learned a level 3 spell: Hailstorm
  7238 | D:1      | Learned a level 3 spell: Frozen Ramparts
  7593 | D:7      | Found a shimmering altar of Xom.
  7688 | D:7      | Found a staircase to the Ecumenical Temple.
  7774 | Temple   | Entered the Ecumenical Temple
  7920 | Temple   | Became a worshipper of Sif Muna the Loreminder
  7962 | D:7      | Reached skill level 5 in Ice Magic
  8048 | D:7      | Reached skill level 1 in Fighting
  8268 | D:7      | Reached skill level 1 in Invocations
  8924 | D:8      | Reached skill level 1 in Evocations
  8953 | D:8      | Reached skill level 6 in Ice Magic
  8953 | D:8      | Reached XP level 10. HP: 60/91 MP: 9/20
  9528 | D:8      | Found a broken altar of Ashenzari.
  9727 | D:8      | Noticed Maggie
  9733 | D:8      | Killed Maggie
 10072 | D:8      | Gained mutation: You have a pair of small horns on your
                  | head. [potion of mutation]
 10072 | D:8      | Gained mutation: Your muscles are strong. (Str +4, Int/Dex
                  | -1) [potion of mutation]
 10072 | D:8      | Gained mutation: You have large cloven feet. [potion of
                  | mutation]
 10666 | D:9      | Found a hide-covered altar of Uskayaw.
 10788 | D:9      | Reached * piety under Sif Muna
 11091 | D:9      | Reached skill level 1 in Armour
 11263 | D:9      | Reached skill level 7 in Ice Magic
 11633 | D:9      | Found Lackub's Wicked Wares.
 11648 | D:9      | Reached skill level 5 in Fighting
 11651 | D:9      | Reached skill level 1 in Maces & Flails
 11656 | D:9      | Reached ** piety under Sif Muna
 12204 | D:10     | Entered Level 10 of the Dungeon
 12301 | D:10     | Learned a level 4 spell: Passage of Golubria
 12311 | D:10     | Found an opulent altar of Gozag.
 12493 | D:10     | Reached XP level 11. HP: 103/104 MP: 12/23
 12740 | D:10     | Found a staircase to the Lair.
 12752 | D:10     | Reached skill level 5 in Invocations
 13045 | D:10     | Noticed a death yak
 13444 | D:10     | Reached skill level 8 in Ice Magic
 13614 | D:10     | Killed a death yak
 14260 | D:11     | Noticed a two-headed ogre
 14261 | D:11     | Noticed a manticore
 14264 | D:11     | Killed a manticore
 14265 | D:11     | Killed a two-headed ogre
 14266 | D:11     | Reached skill level 5 in Translocations
 14895 | D:11     | Identified a scroll of acquirement
 14895 | D:11     | Acquired the amulet of Tuosongu {Acrobat MP+9}
 15072 | D:12     | Noticed a deep elf pyromancer
 15081 | D:12     | Killed a deep elf pyromancer
 15084 | D:12     | Noticed a two-headed ogre
 15088 | D:12     | Killed a two-headed ogre
 15275 | D:12     | Noticed a cyclops
 15294 | D:12     | Killed a cyclops
 15414 | D:12     | Learned a level 7 spell: Ozocubu's Refrigeration
 15457 | D:12     | Found a staircase to the Orcish Mines.
 15464 | D:12     | Reached *** piety under Sif Muna
 15617 | D:12     | You fall into a shaft and drop 3 floors!
 15617 | D:15     | Entered Level 15 of the Dungeon
 15635 | D:15     | Noticed a manticore
 15635 | D:15     | Noticed a boulder beetle
 15635 | D:15     | Found a gate leading to a gauntlet.
 15636 | D:15     | Noticed a cyclops
 15639 | Gauntlet | Entered a Gauntlet
 15639 | Gauntlet | Found a transporter.
 15645 | Gauntlet | Noticed a tengu warrior
 15665 | Gauntlet | Found a transporter.
 15665 | Gauntlet | Noticed a fire crab
 15680 | Gauntlet | Found a transporter.
 15684 | Gauntlet | Noticed a hell hog
 15685 | Gauntlet | Found a transporter.
 15705 | Gauntlet | Found a transporter.
 15710 | Gauntlet | Noticed a fire crab
 15719 | Gauntlet | Found a transporter.
 15729 | Gauntlet | Noticed a catoblepas
 15731 | Gauntlet | Found a transporter.
 15743 | Gauntlet | Found a transporter.
 15748 | Gauntlet | Noticed a ghost crab
 15752 | Gauntlet | Found a transporter.
 15764 | Gauntlet | Noticed a fire crab
 15765 | Gauntlet | Noticed a ghost crab
 15767 | Gauntlet | Found a transporter.
 15784 | Gauntlet | Found a transporter.
 15802 | Gauntlet | Found a transporter.
 15804 | Gauntlet | Found a transporter.
 15807 | Gauntlet | Noticed a moth of wrath
 15829 | Gauntlet | Found a transporter.
 15831 | Gauntlet | Found a transporter.
 15931 | Gauntlet | Found a transporter.
 15969 | Gauntlet | Found a transporter.
 16065 | Gauntlet | Found a transporter.
 16081 | Gauntlet | Reached XP level 12. HP: 58/118 MP: 12/25
 16277 | Gauntlet | Identified the +2 cloak of Zin's Scorn {Int+4 Dex+3}
 16406 | Gauntlet | Identified the +0 shortbow of Desperation {vorpal, Str+3
                  | Dex+2}
 16406 | Gauntlet | Noticed a minotaur
 16420 | Gauntlet | Killed a minotaur
 16421 | Gauntlet | Reached skill level 10 in Spellcasting
 16421 | Gauntlet | Reached skill level 9 in Ice Magic
 16566 | D:15     | Killed a boulder beetle
 16904 | D:15     | Noticed a centaur warrior
 16933 | D:15     | Killed a centaur warrior
 16934 | D:15     | Reached skill level 5 in Maces & Flails
 17024 | D:15     | Noticed a six-headed hydra
 17053 | D:15     | Killed a six-headed hydra
 17056 | D:15     | Reached skill level 10 in Ice Magic
 17319 | D:14     | Noticed Roxanne
 17573 | D:13     | Noticed a centaur warrior
 17588 | D:13     | Reached XP level 13. HP: 91/131 MP: 21/27
 18036 | D:14     | Found a snail-covered altar of Cheibriados.
 18116 | D:14     | Found a runed translucent gate.
 18117 | D:14     | Found a runed translucent gate.
 18118 | D:14     | Found a runed translucent gate.
 18118 | D:14     | Noticed Eweu's ghost (adept DjFE)
 18294 | D:14     | Noticed Rupert
 18427 | D:13     | Found a gate to the Vaults.
 18427 | D:13     | Noticed a vault guard
 18427 | D:13     | Noticed a vault guard
 18427 | D:13     | Noticed a vault guard
 18427 | D:13     | Noticed a vault guard
 18427 | D:13     | Noticed a vault guard
 18428 | D:13     | Noticed a vault guard
 18428 | D:13     | Noticed a vault guard
 18428 | D:13     | Noticed a vault guard
 18463 | Orc:1    | Entered Level 1 of the Orcish Mines
 18743 | Orc:2    | Entered Level 2 of the Orcish Mines
 18756 | Orc:2    | Reached skill level 10 in Fighting
 18874 | Orc:2    | Reached **** piety under Sif Muna
 19339 | Orc:2    | Reached skill level 11 in Ice Magic
 19379 | Orc:2    | Found a staircase to the Elven Halls.
 19559 | Orc:2    | Found Nowefe's Magic Scroll Emporium.
 19839 | Orc:2    | Found Enoesk's General Store.
 19871 | Orc:2    | Bought a scroll of acquirement for 728 gold pieces
 19871 | Orc:2    | Acquired the +1 hat "Ditow" {rElec Dex+3}
 20363 | Orc:2    | Found a radiant altar of Vehumet.
 20477 | Orc:1    | Noticed an ettin
 21126 | Orc:2    | Reached skill level 12 in Ice Magic
 21465 | Orc:2    | Reached XP level 14. HP: 131/144 MP: 0/30
 21901 | Orc:2    | Found Zotagego's Antique Weapon Shop.
 21901 | Orc:2    | Found Cudud's Book Boutique.
 21901 | Orc:2    | Found a one-way gate leading to the halls of Pandemonium.
 21907 | Orc:2    | Bought Ozocubu's Autobiography for 312 gold pieces
 21911 | Orc:2    | Learned a level 3 spell: Ozocubu's Armour
 22105 | Lair:1   | Entered Level 1 of the Lair of Beasts
 22411 | Lair:1   | Reached skill level 13 in Ice Magic
 22502 | Lair:1   | Reached ***** piety under Sif Muna
 22738 | Lair:1   | Received a gift from Sif Muna
 22741 | Lair:1   | Got Eghood's Monograph on Generation {god gift}
 23357 | Lair:2   | Found a staircase to the Swamp.
 24235 | Lair:2   | Identified the +6 plate armour of Narrow Happiness {Slay+2}
 24821 | Lair:2   | Reached skill level 14 in Ice Magic
 25656 | Lair:3   | Found a hole to the Spider Nest.
 26660 | Lair:3   | Received a gift from Sif Muna
 26663 | Lair:3   | Got Sif Muna's Atlas of Filth and Minerals {god gift}
 27525 | Lair:4   | Reached skill level 15 in Ice Magic
 27908 | Lair:4   | Found a viscous altar of Jiyva.
 27909 | Lair:4   | Found a staircase to the Slime Pits.
 28844 | Lair:5   | Entered Level 5 of the Lair of Beasts
 29048 | Lair:5   | Found a runed translucent door.
 29409 | Lair:5   | Reached XP level 15. HP: 148/152 MP: 9/31
 31168 | Lair:5   | Reached skill level 16 in Ice Magic
 31378 | Lair:5   | Received a gift from Sif Muna
 34166 | D:12     | Learned a level 5 spell: Metabolic Englaciation
 34228 | D:13     | Found a shimmering altar of Xom.
 34886 | D:13     | Noticed Lodul
 34889 | D:13     | Killed Lodul
 34890 | D:13     | Reached skill level 17 in Ice Magic
 35641 | D:14     | Killed Rupert
 36176 | D:15     | Noticed Nessos
 36178 | D:15     | Killed Nessos
 36179 | D:15     | Reached XP level 16. HP: 161/161 MP: 28/34
 36544 | D:15     | Received a gift from Sif Muna
 36547 | D:15     | Got Sif Muna's Spellbook of Lethal Illusion {god gift}
 36841 | D:15     | Found a staircase to the Depths.
 37136 | D:15     | Found the +8 Vampire's Tooth {vamp}
 37654 | Spider:1 | Entered Level 1 of the Spider Nest
 37718 | Spider:1 | Noticed Jorgrun
 37721 | Spider:1 | Killed Jorgrun
 37722 | Spider:1 | Reached skill level 15 in Spellcasting
 38624 | Spider:1 | Reached skill level 18 in Ice Magic
 38677 | Spider:1 | Learned a level 5 spell: Freezing Cloud
 38933 | Spider:2 | Reached skill level 1 in Air Magic
 39118 | Spider:2 | Noticed Arachne
 39128 | Spider:2 | Killed Arachne
 39565 | Spider:2 | You fall into a shaft and drop 1 floor!
 40762 | Swamp:1  | Entered Level 1 of the Swamp
 40775 | Swamp:1  | Noticed a thorn hunter
 40779 | Swamp:1  | Noticed a thorn hunter
 40859 | Swamp:1  | Noticed a tentacled monstrosity
 40860 | Swamp:1  | Noticed a thorn hunter
 40861 | Swamp:1  | Found a transporter.
 40866 | Swamp:1  | Identified the ring of Gabem {Ice *Slow rElec Str+4}
 40963 | Swamp:1  | Found a transporter.
 42386 | Swamp:2  | Noticed a fenstrider witch
 42389 | Swamp:2  | Killed a fenstrider witch
 42390 | Swamp:2  | Reached XP level 17. HP: 170/170 MP: 24/36
 42953 | Swamp:2  | Received a gift from Sif Muna
 42954 | Swamp:2  | Got Sif Muna's Volume of Ice {god gift}
 43151 | Swamp:1  | Learned a level 6 spell: Simulacrum
 43366 | Swamp:2  | Reached skill level 1 in Necromancy
 45465 | Swamp:4  | Entered Level 4 of the Swamp
 46572 | Swamp:4  | Reached skill level 19 in Ice Magic
 47962 | Elf:1    | Entered Level 1 of the Elven Halls
 48471 | Elf:1    | Noticed Belucowal's ghost (adept DgFi)
 48475 | Elf:1    | Found a runed translucent door.
 48516 | Elf:1    | Paralysed by an air elemental for 1 turns
 49284 | Depths:1 | Entered Level 1 of the Depths
 49290 | D:15     | Received a gift from Sif Muna
 49293 | D:15     | Got Sif Muna's Compilation of the Tesseract and
                  | Transmutation {god gift}
 49670 | Spider:3 | Reached XP level 18. HP: 183/183 MP: 20/39
 50282 | Spider:3 | Noticed Nikola
 50300 | Spider:3 | Killed Nikola
 50301 | Spider:3 | Reached skill level 5 in Dodging
 52232 | Spider:4 | Entered Level 4 of the Spider Nest
 52984 | Swamp:4  | Noticed a bone dragon
 53004 | Swamp:4  | Killed a bone dragon
 53038 | Swamp:4  | Received a gift from Sif Muna
 53047 | Swamp:4  | Learned a level 6 spell: Statue Form
 53544 | Swamp:4  | Got a decaying rune of Zot
 53796 | Vaults:1 | Entered Level 1 of the Vaults
 54990 | D:15     | Learned a level 5 spell: Irradiate
 55031 | D:15     | Reached skill level 10 in Maces & Flails
 55031 | D:15     | Reached skill level 1 in Transmutations
 55031 | D:15     | Reached skill level 1 in Earth Magic
 56325 | Elf:1    | Identified the +2 robe of Gallantry {rN++ Regen+}
 56501 | Elf:1    | Killed Belucowal's ghost
 56675 | Elf:2    | Found a flickering gateway to a bazaar.
 56676 | Elf:2    | Found the +8 autumn katana {vorpal, manifold assault}
 56685 | Bazaar   | Entered a bazaar
 56685 | Bazaar   | Found Qunuupp's Distillery.
 56798 | Bazaar   | Found Goijo's General Store.
 56806 | Bazaar   | Found Niodaom's Antique Weapon Emporium.
 56817 | Bazaar   | Found Daef's Book Boutique.
 56828 | Bazaar   | Found Zonumni's Antique Armour Shoppe.
 56854 | Bazaar   | Bought a potion of resistance for 110 gold pieces
 56854 | Bazaar   | Bought a potion of heal wounds for 55 gold pieces
 56856 | Bazaar   | Bought a potion of haste for 110 gold pieces
 56867 | Bazaar   | Bought a ring of willpower for 425 gold pieces
 56867 | Bazaar   | Bought a scroll of enchant armour for 127 gold pieces
 56978 | Elf:2    | Reached XP level 19. HP: 195/195 MP: 33/40
 57235 | Elf:2    | Found a runed translucent gate.
 57236 | Elf:2    | Found a runed translucent gate.
 57236 | Elf:2    | Found a runed translucent gate.
 57237 | Elf:2    | Found an opulent altar of Gozag.
 57238 | Elf:2    | Found Biepn's Assorted Antiques.
 57238 | Elf:2    | Noticed Veekh's ghost (adept DjHW)
 57240 | Elf:2    | Found Mioxtock's Assorted Antiques.
 57512 | Elf:2    | Found a runed translucent gate.
 57513 | Elf:2    | Found a runed translucent gate.
 57513 | Elf:2    | Found a runed translucent gate.
 57716 | Elf:2    | Upgraded the game from 0.30-a0-451-ge042605de7 to
                  | 0.30-a0-458-g86641cc369
 57805 | Elf:3    | Entered Level 3 of the Elven Halls
 57805 | Elf:3    | Noticed Saint Roka
 57811 | Elf:3    | Killed Saint Roka
 58016 | Elf:3    | Found Dysuuf's Antique Weapon Boutique.
 58099 | Elf:3    | Reached skill level 5 in Transmutations
 58099 | Elf:3    | Reached skill level 5 in Earth Magic
 58104 | Elf:3    | Received a gift from Sif Muna
 58202 | Elf:3    | Got Inadwoan's Atlas of Airy Companions {god gift}
 58836 | Elf:3    | Noticed Aizul
 58840 | Elf:3    | Killed Aizul
 59452 | Elf:3    | Identified the +9 hand axe of Mayhem {vorpal, Fly rF+}
 59533 | Elf:3    | Identified the amulet "Jepniwall" {Spirit rN++ Int+8 Dex+4}
 59921 | Elf:3    | Identified the +3 plate armour of Bespelled Freedom {+Inv
                  | Str+2}
 59995 | Elf:3    | Got the Precepts of Bloody Wanderlust
 61675 | Spider:4 | Reached XP level 20. HP: 204/204 MP: 26/41
 62425 | Spider:4 | Paralysed by a jorogumo for 1 turns
 64035 | Vaults:1 | Noticed Donald
 64410 | Vaults:1 | Noticed Zenata
 64416 | Vaults:1 | Killed Zenata
 64996 | Vaults:1 | Killed Donald
 65995 | Vaults:1 | Received a gift from Sif Muna
 65997 | Vaults:1 | Got Sif Muna's Handbook of the Maledictive Blaze {god gift}
 67376 | Vaults:2 | Reached XP level 21. HP: 213/213 MP: 11/42
 67461 | Vaults:2 | Received a gift from Sif Muna
 67473 | Vaults:2 | Got Sif Muna's Octavo of Ash {god gift}
 67520 | Vaults:2 | Found a magical portal.
 67533 | WizLab   | Entered Alistair's Party Mansion
 67855 | WizLab   | Reached skill level 10 in Invocations
 69253 | WizLab   | Noticed a golden dragon
 69414 | WizLab   | Got Ozetz's Discursus on Reshaped Vitiation
 69417 | WizLab   | Acquired a book of Ice
 71237 | Vaults:3 | Learned a level 9 spell: Polar Vortex
 71899 | Vaults:3 | Reached skill level 20 in Ice Magic
 71905 | Vaults:3 | Received a gift from Sif Muna
 72075 | Vaults:3 | Found Deuxih's Armour Shoppe.
 72465 | Vaults:3 | Reached XP level 22. HP: 220/222 MP: 45/45
 72978 | Vaults:3 | Received a gift from Sif Muna
 73124 | Vaults:3 | Found a staircase to the Crypt.
 73128 | Crypt:1  | Entered Level 1 of the Crypt
 73257 | Crypt:1  | Identified the +2 arbalest of Insufficient Pleasure
                  | {freeze, Str+3 Stlth+}
 73289 | Crypt:1  | Noticed Sojobo
 73294 | Crypt:1  | Paralysed by an air elemental for 1 turns
 73296 | Crypt:1  | Killed Sojobo
 73528 | Crypt:1  | Noticed Xtahua
 73532 | Crypt:1  | Killed Xtahua
 73575 | Crypt:1  | Reached skill level 21 in Ice Magic
 74301 | Crypt:2  | Received a gift from Sif Muna
 74308 | Crypt:2  | Got Sif Muna's Commentary on the Stinger and the Caves {god
                  | gift}
 74314 | Crypt:2  | Identified the ring "Qogiril" {Ice MP+9 Str-5 Int+9 SInv}
 74314 | Crypt:2  | Noticed Josephina
 74322 | Crypt:2  | Killed Josephina
 74615 | Crypt:2  | Noticed Bai Suzhen
 74625 | Crypt:2  | Killed Bai Suzhen
 75148 | Crypt:3  | Entered Level 3 of the Crypt
 75203 | Crypt:3  | Found a staircase to the Tomb.
 76315 | Crypt:3  | Received a gift from Sif Muna
 76317 | Crypt:3  | Noticed a curse toe
 76318 | Crypt:3  | Got Sif Muna's Guide on Violent Excavation {god gift}
 76335 | Crypt:3  | Killed a curse toe
 76678 | Crypt:3  | Reached XP level 23. HP: 60/230 MP: 4/47
 76708 | Tomb:1   | Entered Level 1 of the Tomb of the Ancients
 77098 | Crypt:3  | Noticed an ancient lich
 77104 | Crypt:3  | Killed an ancient lich
 77242 | Crypt:3  | Reached skill level 22 in Ice Magic
 79587 | Vaults:4 | Received a gift from Sif Muna
 79604 | Vaults:4 | Got Vaorgha's Omnibus of the Doomed Volcanoes {god gift}
 82191 | Depths:1 | Found a gateway to Hell.
 82232 | Depths:1 | Found a basalt altar of Yredelemnul.
 82758 | Abyss:2  | Cast into level 2 of the Abyss (spriggan defender)
 82946 | Abyss:2  | Paralysed by you for 5 turns
 83055 | Abyss:2  | Reached skill level 15 in Maces & Flails
 83114 | Abyss:2  | Reached skill level 23 in Ice Magic
 83126 | Abyss:2  | Acquired a manual of Invocations
 83216 | Abyss:2  | Received a gift from Sif Muna
 83269 | Abyss:2  | Reached XP level 24. HP: 60/191 MP: 17/38
 83479 | Depths:2 | Escaped the Abyss
 84651 | Depths:2 | Identified the +8 rapier of Sloth {holy, *Noise rElec
                  | Int+10}
 84655 | Depths:2 | Received a gift from Sif Muna
 84664 | Depths:2 | Identified the +1 chain mail of Protective Custody {+Blink
                  | rPois rCorr Dex-4 Stlth+}
 84664 | Depths:2 | Identified the ring "Caschil" {rElec rN+ Str+2 Int+3}
 84666 | Depths:2 | Noticed a juggernaut
 84672 | Depths:2 | Killed a juggernaut
 84914 | Depths:2 | Identified the +1 cloak "Beorrel" {MP+9}
 85462 | Depths:2 | HP: 15/310 [spriggan berserker/+1 antimagic broad axe (7)]
 85463 | Depths:2 | Mangled by an elephant

Illustrated notes

Levels and vault maps discovered:
D:1:      saegor_arrival_simple_e, layout_loops_ring, serial_shops,
          nicolae_shop_window_shopping, nicolae_shop_window_shopping, shop,
          nicolae_shop_temple_entry_statues_fountains, hex_large
D:2:      layout_loops_cross
D:3:      cheibrodos_old_hovel, layout_basic, serial_glass, glass_columns_a,
          glass_columns_a, glass_columns_b, glass_columns_b
D:4:      layout_cave_pods, lemuel_coloured_pillars_altar,
          mainiacjoe_overflow_tiny_flanked, serial_shops, shop, st_stairs_4,
          uniq_sigmund
D:5:      layout_rooms
D:6:      kennysheep_steamy, layout_loops_ring, tso_oasis_becter,
          nicolae_stop_n_shop_2, chequers_serial_rivers_large_a,
          lemuel_flamethrower_2, uniq_menkaure
D:7:      layout_basic, amcnicky_altar_gilded, minmay_temple_entry_glassed_door
D:8:      layout_layer_cave, nicolae_overflow_hidden_temple, uniq_maggie
D:9:      layout_loops_corners, mainiacjoe_overflow_chevrons, nicolae_evil_shop
D:10:     layout_cave_pools, mainiacjoe_overflow_paths, erik_lair_island,
          serial_ice, serial_ice_f, serial_ice_a, serial_ice_e, serial_ice_g
D:11:     layout_gridville
D:12:     layout_loops_ring, david_orc_1_choice
D:13:     layout_basic, erik_vaults_2, xom_confusion_cloud, uniq_lodul
D:14:     layout_roguey, serial_curves, eino_curves_02, eino_curves_01,
          gammafunk_ghost_hydra_chop, slow_altar_2, uniq_rupert, uniq_roxanne
D:15:     hangedman_depths_entry_try_elsewhere_first, layout_long_grid,
          gauntlet_entry_generic, minmay_misc_feat_tower, st_stairs_11,
          corexii_leaking_fountain, uniq_nessos
Temple:   nicolae_temple_superstar
Lair:1:   layout_regular_city, chequers_serial_rivers_marsh, kennysheep_rathole,
          lemuel_fruit_tree, lemuel_fruit_fields, lemuel_fruit_fields,
          serial_bayou_shore_a
Lair:2:   layout_gridlike, minmay_swamp_entry_reptiles, grunt_megastairs_5,
          infiniplex_staircase_pool
Lair:3:   layout_regular_city, spider_nest_entry_funnel_web
Lair:4:   layout_gridlike, slime_entry_1
Lair:5:   hangedman_lair_tendril_chambers, layout_gridlike, wormcave,
          kennysheep_abandoned_house
Swamp:1:  gammafunk_sealed_arena, layout_falls_marsh, serial_swamp_ruin,
          evilmike_swamp_ruin_rubble_2, evilmike_swamp_ruin_wall,
          hangedman_swamp_ruin_wall
Swamp:2:  layout_basic_swamp, evilmike_swamp_ruin_house_5
Swamp:3:  layout_basic_swamp, hangedman_swamp_blocks, swamp_pool4,
          nicolae_swamp_drake_lake
Swamp:4:  swamp_pestilence, layout_basic_swamp
Spider:1: layout_spider_delve, hangedman_spider_tarantella_strand, uniq_jorgrun
Spider:2: layout_spider_delve, nicolae_spider_scorpion_nest, uniq_arachne
Spider:3: layout_chambers, uniq_nikola
Spider:4: johnstein_spider_rune_arachne_lair
Orc:1:    layout_caves, basic_altar, mines1_david
Orc:2:    pf_orc_diabolical, layout_diamond_mine, basic_altar
Elf:1:    eino_elf_arrival_customs, layout_loops_corners,
          hellmonk_ghost_happy_afterlife, hangedman_corner_corridor
Elf:2:    nicolae_elf_blades_crystal_corner, layout_gridlike,
          ebering_ghost_gozag, serial_shops, freezing_bzr
Elf:3:    minmay_elf_hall_not_hex, layout_loops_corners, serial_shops,
          nicolae_shop_temple_entry_statues_fountains, uniq_aizul,
          uniq_saint_roka
Vaults:1: st_spiral_rooms, vaults_room_grid, nicolae_vaults_network_quincunx
          [nicolae_vaults_network_quincunx_subvault,
          nicolae_vaults_network_quincunx_subvault,
          nicolae_vaults_network_quincunx_subvault,
          nicolae_vaults_network_quincunx_subvault,
          nicolae_vaults_network_quincunx_subvault], v_alt_pattern_1, v_misc_10,
          hangedman_vaults_capsules, vaults_room_grid,
          nicolae_vaults_what_the_h, ontoclasm_vaults_ligature, v_misc_28,
          nicolae_vaults_stairing_the_circle, vaults_room_hallway,
          vaults_dpeg_emergency_exit, vaults_dpeg_doors, v_misc_23,
          layout_vaults_maze_snakey, uniq_donald, uniq_zenata
Vaults:2: infiniplex_enter_wizlab_glasses, hangedman_vaults_river_flow,
          grunt_vaults_funneled_arena, nicolae_vaults_sealed_display, v_misc_5,
          vaults_dpeg_ring, nicolae_vaults_puzzle_piece, v_pattern_3,
          vaults_standard_mumra_enter_the_diamond, v_misc_17, v_alt_pattern_1,
          layout_vaults_omnibox
Vaults:3: vaults_dpeg_hooks, vaults_room_fancy_cross, ontoclasm_vaults_fault,
          minmay_crypt_entry_skeletal_spiral, v_rooms_4,
          nicolae_vaults_diagonal_hallway_7, nicolae_vaults_yaktaur_gun_rack,
          kb_rosetta, layout_vaults_omnigrid, serial_shops,
          nicolae_shop_behind_doors
Vaults:4: vaults_room_octagon, v_alt_pattern_1, v_misc_31,
          nicolae_vaults_network_star, nicolae_vaults_diagonal_hallway_9,
          v_misc_19, nicolae_vaults_little_squares_6, v_misc_13,
          vaults_mumra_hexcomb, layout_vaults_big_room
Crypt:1:  layout_chaotic_city, uniq_xtahua, uniq_sojobo
Crypt:2:  layout_rooms, hex_medium, serial_sigils_hangedman_scratch,
          small_statue_intersection, corner_web_ring, hex_tiny,
          nicolae_crypt_statuary_hall, uniq_josephina, uniq_bai_suzhen
Crypt:3:  due_elkab, layout_chaotic_city
Tomb:1
Depths:1: layout_gridlike, chequers_jeans, hangedman_geh_valley,
          grunt_ministairs_3, grunt_decor_mini_mirrors,
          yredelemnul_altar_generic
Depths:2: hangedman_pleasuredromes, pan_entry, hell_entry, abyss_entry

Skill      XL: |  1  2  3  4  5  6  7  8  9 10 11 12 13 14 15 16 17 18 19 20 21 22 23 24 |
---------------+-------------------------------------------------------------------------+-----
Translocations | 1 2 3 4 5 |  5.6
Conjurations   | 4 5 6 7 8 |  8.1
Spellcasting   | 3 4 6 7 8 9 10 12 14 15 17 19 20 21 | 21.8
Ice Magic      | 4 6 7 8 10 12 15 17 18 19 20 21 23 | 23.5
Fighting       | 3 5 7 9 10 11 12 13 | 13.9
Invocations    | 2 4 5 7 9 10 12 | 12.5
Evocations     | 1 2 |  2.5
Armour         | 2 3 |  3.0
Maces & Flails | 1 3 5 6 7 8 10 11 13 14 15 | 15.5
Air Magic      | 3 |  3.0
Dodging        | 2 4 6 7 |  7.1
Necromancy     | 3 |  3.1
Transmutations | 3 8 9 |  9.0
Earth Magic    | 3 8 9 |  9.0
Stealth        | 2 |  2.4

Action                   |  1- 3 |  4- 6 |  7- 9 | 10-12 | 13-15 | 16-18 | 19-21 | 22-24 || total
-------------------------+-------+-------+-------+-------+-------+-------+-------+-------++-------
Melee: Unarmed           |     3 |       |       |       |       |       |       |       ||     3
       Dagger            |    13 |    25 |       |       |       |       |       |       ||    38
       Staff             |     1 |       |     7 |    23 |     8 |     2 |       |     1 ||    42
       Whip              |       |    20 |    20 |       |       |       |       |       ||    40
       Giant spiked club |       |       |       |    24 |    61 |   162 |     7 |       ||   254
       Kick              |       |       |       |     6 |    27 |    82 |   160 |   345 ||   620
       Headbutt          |       |       |       |     5 |    16 |    49 |   114 |   207 ||   391
       Great mace        |       |       |       |       |       |       |   361 |   731 ||  1092
 Cast: Magic Dart        |    59 |    74 |    74 |       |       |       |       |       ||   207
       Searing Ray       |       |     7 |    14 |       |       |       |       |       ||    21
       Iskenderun's Myst |       |       |    39 |    93 |   160 |    22 |    28 |       ||   342
       Hailstorm         |       |       |    20 |   140 |   175 |       |       |       ||   335
       Frozen Ramparts   |       |       |     1 |     3 |     1 |     1 |       |       ||     6
       Ozocubu's Refrige |       |       |       |       |   238 |   509 |   370 |    77 ||  1194
       Ozocubu's Armour  |       |       |       |       |       |     4 |       |       ||     4
       Freezing Cloud    |       |       |       |       |       |     1 |       |       ||     1
       Simulacrum        |       |       |       |       |       |     1 |       |       ||     1
       Irradiate         |       |       |       |       |       |    14 |     9 |       ||    23
       Passage of Golubr |       |       |       |       |       |     1 |       |       ||     1
       Statue Form       |       |       |       |       |       |       |    23 |    35 ||    58
       Polar Vortex      |       |       |       |       |       |       |       |    48 ||    48
       Blink             |       |       |       |       |       |       |       |     2 ||     2
Invok: Channel Magic     |       |       |       |     2 |     6 |     7 |     8 |     6 ||    29
       Forget Spell      |       |       |       |       |       |     1 |       |       ||     1
Evoke: Wand              |       |       |       |     3 |       |     1 |     1 |     1 ||     6
       Box of beasts     |       |       |       |       |       |       |       |     1 ||     1
  Use: Scroll            |     2 |     4 |     4 |     9 |    12 |    18 |    15 |     6 ||    70
       Potion            |       |     2 |     2 |     7 |     4 |     5 |     1 |    16 ||    37
 Stab: Paralysed         |       |       |       |       |       |       |       |     1 ||     1
Armor: Robe              |     7 |    14 |     6 |       |       |       |       |       ||    27
       Steam dragon scal |       |       |     1 |       |       |       |       |       ||     1
       Swamp dragon scal |       |       |       |    47 |    76 |   280 |    94 |   224 ||   721
       Skin              |       |       |       |       |       |       |   438 |   351 ||   789
Dodge: Dodged            |     6 |    28 |    56 |   101 |   180 |   308 |   493 |   609 ||  1781

Table legend: (Time is in decaauts)
 A = Elapsed time spent in this place.
 B = Non-inter-level travel time spent in this place.
 C = Inter-level travel time spent in this place.
 D = Time resting spent in this place.
 E = Time spent auto-exploring this place.
 F = Levels seen in this place.
 G = Mean time per level.
                   A        B        C        D        E       F      G
               +--------+--------+--------+--------+--------+-----+--------+
         Total |  87055 |  81911 |   5144 |  33225 |  36037 |  48 | 1813.6 |
       Dungeon |  23871 |  21581 |   2290 |   7817 |  11067 |  15 | 1591.4 |
        Temple |    171 |    147 |     24 |      0 |    100 |   1 |  171.0 |
          Lair |  12276 |  11519 |    757 |   4749 |   5567 |   5 | 2455.2 |
         Swamp |   8124 |   7767 |    357 |   2729 |   3991 |   4 | 2031.0 |
   Spider Nest |   8733 |   8451 |    282 |   4038 |   3382 |   4 | 2183.2 |
  Orcish Mines |   3681 |   3439 |    242 |   1596 |   1138 |   2 | 1840.5 |
   Elven Halls |   6089 |   5700 |    389 |   2015 |   2666 |   3 | 2029.7 |
        Vaults |  10626 |  10136 |    490 |   4248 |   4136 |   4 | 2656.5 |
         Crypt |   5924 |   5744 |    180 |   2277 |   2194 |   3 | 1974.7 |
          Tomb |    282 |    282 |      0 |    281 |      0 |   1 |  282.0 |
        Depths |   3320 |   3190 |    130 |   1581 |   1139 |   2 | 1660.0 |
         Abyss |    877 |    877 |      0 |    194 |     17 |   1 |  877.0 |
        Bazaar |    192 |    192 |      0 |      0 |    135 |   1 |  192.0 |
        Wizlab |   1978 |   1978 |      0 |   1369 |    210 |   1 | 1978.0 |
      Gauntlet |    903 |    903 |      0 |    328 |    294 |   1 |  903.0 |
               +--------+--------+--------+--------+--------+-----+--------+

Top non-repeatable levels by time:
  Lair:5: 4282 daAuts
Vaults:1: 3838 daAuts
 Crypt:3: 3335 daAuts
  Lair:3: 3222 daAuts
Spider:4: 3147 daAuts
   Orc:2: 2966 daAuts
 Swamp:4: 2778 daAuts
    D:13: 2757 daAuts
Vaults:3: 2652 daAuts
   Elf:1: 2607 daAuts
Spider:3: 2467 daAuts
    D:15: 2423 daAuts
Depths:1: 2382 daAuts
   Elf:3: 2358 daAuts
 Swamp:3: 2163 daAuts
